 Dungeon Crawl Stone Soup version 0.26-a0-683-g5206c1d7ac (webtiles) character file.

Game seed: 12870769601290629892

56887 robertstho the Thaumaturge (level 14, -13/108 HPs)
             Began as a Gnoll Summoner on Oct 22, 2020.
             Was a High Priest of Sif Muna.
             Mangled by an eight-headed hydra (18 damage)
             ... on level 1 of the Swamp.
             The game lasted 01:21:10 (33502 turns).

robertstho the Thaumaturge (Gnoll Summoner)        Turns: 33502, Time: 01:21:10

Health: -13/108    AC: 15    Str: 17    XL:     14   Next: 83%
Magic:  13/37      EV: 19    Int: 23    God:    Sif Muna [*****.]
Gold:   670        SH:  0    Dex: 14    Spells: 9/34 levels left

rFire    + . .     SeeInvis .   X - +11 morningstar of Diet Blood {venom, rPois MR++ Dex+3 Stlth-}
rCold    + + +     Faith    .   (no shield)
rNeg     + . .     Spirit   .   V - +1 robe {Archmagi}
rPois    +         Reflect  .   o - +2 helmet
rElec    +         Harm     .   e - +2 cloak
rCorr    .         Rampage  .   x - +2 pair of gloves
MR       +++..                  M - +0 pair of boots {Fly}
Stlth    +++.......             w - amulet of magic regeneration
HPRegen  0.28/turn              u - ring "Tymp" {rPois rN+ Str+7}
MPRegen  0.50/turn              a - ring "Ushuy" {rElec rF+ rC+++ MP+9 Dex-5}

@: flying
A: distributed training, fangs 1, strong nose
a: Channel Magic, Forget Spell, Divine Exegesis, Renounce Religion, Stop Flying


You were on level 1 of the Swamp.
You worshipped Sif Muna.
Sif Muna was extremely pleased with you.
You visited 5 branches of the dungeon, and saw 24 of its levels.
You also visited: Ice Cave.

You collected 2701 gold pieces.
You spent 2031 gold pieces at shops.

Inventory:

Hand Weapons
 T - a +3 demon blade
 X - the +11 morningstar of Diet Blood (weapon) {venom, rPois MR++ Dex+3 Stlth-}
   (You found it in an ice cave)

   It poisons the flesh of those it strikes.
   It affects your dexterity (+3).
   It protects you from poison.
   It affects your resistance to hostile enchantments.
   It makes you less stealthy.
Missiles
 i - 47 poisoned darts (quivered)
 p - 3 silver boomerangs
Armour
 e - a +2 cloak (worn)
 o - a +2 helmet (worn)
 x - a +2 pair of gloves (worn)
 K - a +0 robe of resistance
 M - a +0 pair of boots of flying (worn)
 N - a +0 troll leather armour
 V - a +1 robe of the Archmagi (worn)
Magical Staves
 B - an uncursed staff of conjuration
Jewellery
 a - the ring "Ushuy" (right hand) {rElec rF+ rC+++ MP+9 Dex-5}
   (You found it on level 12 of the Dungeon)

   [ring of protection from fire]

   It affects your dexterity (-5).
   It protects you from fire.
   It renders you almost immune to cold.
   It insulates you from electricity.
   It affects your magic capacity (+9).
 b - an uncursed ring of resist corrosion
 t - an uncursed ring of protection from magic
 u - the ring "Tymp" (left hand) {rPois rN+ Str+7}
   (You acquired it on level 2 of the Orcish Mines)

   [ring of poison resistance]

   It affects your strength (+7).
   It protects you from poison.
   It protects you from negative energy.
 w - an amulet of magic regeneration (around neck)
 Y - an uncursed ring of protection from magic
Wands
 H - a wand of acid (4)
 I - a wand of digging (7)
 P - a wand of iceblast (25)
 Q - a wand of disintegration (13)
Scrolls
 f - 4 scrolls of fog
 k - 8 scrolls of fear
 l - 3 scrolls of enchant weapon
 m - 17 scrolls of remove curse
 n - 11 scrolls of teleportation
 s - 6 scrolls of immolation
 y - a scroll of silence
 z - 8 scrolls of enchant armour
 D - 2 scrolls of magic mapping
 F - 2 scrolls of amnesia
 G - 2 scrolls of holy word
 L - 2 scrolls of blinking
 U - 10 scrolls of identify
Potions
 c - 4 potions of haste
 d - 5 potions of curing
 g - 7 potions of heal wounds
 h - 5 potions of stabbing
 j - 5 potions of flight
 q - 4 potions of might
 r - 3 potions of magic
 v - a potion of cancellation {unknown}
 A - 2 potions of resistance
 C - 2 potions of mutation
 E - 3 potions of lignification
 J - a potion of brilliance
 S - 9 potions of ambrosia
Miscellaneous
 R - a lightning rod (4/4)


   Skills:
 + Level 9.5 Fighting
 + Level 9.5 Short Blades
 + Level 9.5 Long Blades
 + Level 9.5 Axes
 + Level 9.5 Maces & Flails
 + Level 9.5 Polearms
 + Level 9.5 Staves
 + Level 9.5 Slings
 + Level 9.5 Bows
 + Level 9.5 Crossbows
 + Level 9.5 Throwing
 + Level 9.5 Armour
 + Level 10.5 Dodging
 + Level 10.4 Stealth
 + Level 9.5 Shields
 + Level 9.5 Unarmed Combat
 + Level 10.7 Spellcasting
 + Level 8.0 Conjurations
 + Level 8.0 Hexes
 + Level 10.6 Summonings
 + Level 8.0 Necromancy
 + Level 8.0 Translocations
 + Level 8.0 Transmutations
 + Level 8.0 Fire Magic
 + Level 8.0 Ice Magic
 + Level 8.0 Air Magic
 + Level 8.0 Earth Magic
 + Level 8.0 Poison Magic
 + Level 10.3 Invocations
 + Level 9.5 Evocations


You had 9 spell levels left.
You knew the following spells:

 Your Spells              Type           Power        Failure   Level
a - Summon Small Mammal   Summ           ####         1%          1
b - Call Imp              Summ           #######.     1%          2
c - Call Canine Familiar  Summ           #######.     1%          3
d - Summon Guardian Gole  Hex/Summ       ######..     1%          3
e - Summon Ice Beast      Ice/Summ       ######..     1%          4
f - Summon Lightning Spi  Summ/Air       ######..     1%          4
g - Swiftness             Air            ######..     1%          2
h - Airstrike             Air            ######....   1%          4
i - Sublimation of Blood  Necr           ######....   1%          2

Your spell library contained the following spells:

 Spells                   Type           Power        Failure   Level
 Animate Skeleton         Necr           ######       1%          1
 Magic Dart               Conj           ####         1%          1
 Pain                     Necr           ####         1%          1
 Shock                    Conj/Air       ####         1%          1
 Blink                    Tloc           N/A          1%          2
 Corpse Rot               Necr/Air       N/A          1%          2
 Slow                     Hex            ######..     1%          2
 Confusing Touch          Hex            ######..     1%          3
 Conjure Flame            Conj/Fire      ######..     1%          3
 Ignite Poison            Fire/Tmut/Pois ######..     1%          3
 Mephitic Cloud           Conj/Pois/Air  ######..     1%          3
 Spider Form              Tmut/Pois      ######....   1%          3
 Static Discharge         Conj/Air       ######..     1%          3
 Vampiric Draining        Necr           ######....   1%          3
 Animate Dead             Necr           ######....   1%          4
 Dispel Undead            Necr           ######..     1%          4
 Fulminant Prism          Conj/Hex       ######....   1%          4
 Ice Form                 Ice/Tmut       ######..     1%          4
 Leda's Liquefaction      Hex/Erth       ######....   1%          4
 Petrify                  Tmut/Erth      ######..     1%          4
 Agony                    Necr           ######..     5%          5
 Alistair's Intoxication  Tmut/Pois      ######...    5%          5
 Excruciating Wounds      Necr           ######....   5%          5
 Irradiate                Conj/Tmut      ######....   5%          5
 Lightning Bolt           Conj/Air       ######....   5%          5
 Metabolic Englaciation   Hex/Ice        ######....   5%          5
 Eringya's Noxious Bog    Tmut/Pois      ######....   30%         6
 Freezing Cloud           Conj/Ice/Air   ######....   30%         6
 Ozocubu's Refrigeration  Ice            ######....   30%         6
 Simulacrum               Ice/Necr       ######....   30%         6
 Malign Gateway           Summ/Tloc      ######....   67%         7


Dungeon Overview and Level Annotations

Branches:
Dungeon (14/15)            Temple (1/1) D:4            Lair (6/6) D:11
  Swamp (1/4) Lair:2       Spider (0/4) Lair:3        Slime (0/5) Lair:6
    Orc (2/2) D:9             Elf (0/3) Orc:2        Vaults (0/5) D:13
  IceCv (visited)

Altars:
Ashenzari
Cheibriados
Dithmenos
Elyvilon
Fedhas
Gozag
Hepliaklqana
Kikubaaqudgha
Makhleb
Nemelex Xobeh
Okawaru
Qazlal
Ru
Sif Muna
Trog
Uskayaw
Vehumet
Wu Jian
Xom
Yredelemnul
Zin
The Shining One
Beogh
Jiyva

Shops:
D:4 *   D:5 ?   D:6 =(   D:10 *   D:13 ?   D:14 ?   Orc:1 *   Orc:2 ?!(?(

Portals:
Abyss: Lair:2
Trove: D:11 (give +7 demon whip)

Annotations:
D:5 scroll shop
D:6 828 ring relec
D:14 Azrael; Josephine
Lair:2 2 transporters, robertstho's ghost, journeyman GnCj


Innate Abilities, Weirdness & Mutations

Your experience applies equally to all skills.
You have very sharp teeth.
Your uncanny sense of smell can sniff out nearby items.


Message History

The harpoon shot hits you.
You are yanked forward by the harpoon shot.
The swamp worm fires a harpoon shot at your ice beast.
The harpoon shot misses your ice beast.
Casting: Call Canine Familiar (safe; 1% risk of failure)
Confirm with . or Enter, or press ? or * to list all spells.
You feel a surge of power! A chill wind blows around you.
The swamp worm misses you. The swamp worm bites your ice beast!
The eight-headed hydra bites you! The eight-headed hydra bites you.
The eight-headed hydra closely misses you.
The eight-headed hydra bites you!
* * * LOW HITPOINT WARNING * * *
The eight-headed hydra bites you!!
* * * LOW HITPOINT WARNING * * *
The eight-headed hydra bites you.
* * * LOW HITPOINT WARNING * * *
The eight-headed hydra bites you.
* * * LOW HITPOINT WARNING * * *
The eight-headed hydra bites you!!
You die...

≈≈≈≈..♣♣♣
≈.≈≈....♣♣♣
♣.≈.......♣♣ ♣
♣≈.≈....≈§♣
♣♣.. ♣.....§♣♣
♣....
♣...§Y.♣♣....♣
♣♣8.hwD§....♣
♣.≈..DY≈≈..♣
♣.≈≈.@Y≈♣.♣
♣♣.♣.§w≈§≈≈♣
♣...≈≈≈≈≈≈♣
♣.≈≈.≈≈≈.§≈♣
♣..≈≈.≈§≈.≈≈§
♣.♣.♣≈≈≈.....♣
♣♣≈.≈≈≈♣.≈≈≈.♣
♣≈≈≈≈...≈≈...


You could see an eight-headed hydra, a swamp dragon, 2 swamp worms, a friendly
warg (summoned), 3 friendly ice beasts and a friendly lightning spire
(summoned).

Vanquished Creatures
  A frost giant (IceCv)
  Harold (D:11)
  A two-headed ogre (Orc:2)
  2 ogre magi (Orc:2)
  Nergalle (Lair:3)
  2 unseen horrors
  An ugly thing (D:13)
  3 cane toads
  A komodo dragon (Lair:2)
  A kobold demonologist (D:13)
  3 trolls
  5 polar bears (IceCv)
  3 blink frogs
  A wyvern (Lair:6)
  4 yaks
  A warg (Orc:2)
  A soldier ant (D:10)
  5 water moccasins
  A necrophage (D:13)
  4 orc warriors
  A sky beast (D:10)
  9 ogres
  6 wolves
  5 centaurs
  A big kobold (D:13)
  5 bullfrogs
  4 killer bees (Lair:1)
  2 scorpions
  2 wights
  2 jellies (D:10)
  A howler monkey (D:7)
  3 bullfrog zombies
  A quasit (D:11)
  A centaur zombie (D:9)
  3 orc priests
  3 hounds
  4 bullfrog skeletons
  13 orc wizards
  2 centaur skeletons
  Natasha (D:4)
  3 worker ants
  A gnoll (D:7)
  6 adders
  2 shadow imps
  2 ufetubi (D:6)
  A worm (D:2)
  A dart slug (D:1)
  4 leopard geckos
  30 orcs
  A ball python (D:1)
  9 bats
  4 giant cockroaches
  10 goblins
  5 hobgoblins
  4 jackals
  10 kobolds
  4 quokkas
  A frilled lizard (D:2)
  A quokka zombie (D:7)
  6 rats
216 creatures vanquished.

Vanquished Creatures (collateral kills)
  Frances (D:13)
  5 hydras
  3 ogre magi
  An ice dragon (Lair:5)
  A death knight (D:13)
  A catoblepas (Lair:6)
  4 vault guards (D:13)
  3 boulder beetles
  19 two-headed ogres
  6 death yaks (Lair:6)
  Urug (D:12)
  An unseen horror (D:13)
  A lindwurm (Lair:5)
  2 wizards
  4 orc knights
  An ugly thing (D:12)
  3 wolf spiders
  5 slime creatures (D:13)
  A manticore (D:12)
  Joseph (D:12)
  8 black mambas
  An ice statue (IceCv)
  A torpor snail (Lair:6)
  17 cane toads
  2 gargoyles (D:13)
  A kobold demonologist (D:13)
  A rime drake (IceCv)
  3 freezing wraiths (D:13)
  8 komodo dragons
  A guardian mummy (D:11)
  9 polar bears (IceCv)
  3 trolls
  3 hornets
  A queen bee (Lair:1)
  Prince Ribbit (D:7)
  14 blink frogs
  A bog body (Lair:2)
  3 redbacks (Lair:6)
  A shadow (D:12)
  Sigmund (D:5)
  65 yaks
  5 basilisks
  2 wraiths (D:13)
  17 wyverns
  2 fire elementals (D:14)
  The ghost of Midn8 the Magician, an amateur GnWz of Ashenzari (D:3)
  Menkaure (D:4)
  A swamp worm (Swamp:1)
  3 wargs
  21 water moccasins
  2 hell hounds
  14 orc warriors
  5 sky beasts
  A black bear (D:12)
  An eye of draining (D:9)
  3 ice beasts
  A necrophage (D:8)
  2 phantoms
  30 ogres
  4 centaurs
  21 wolves
  Blork the orc (D:6)
  8 bullfrogs
  4 big kobolds
  A gnoll sergeant (D:5)
  2 scorpions
  25 killer bees
  2 howler monkeys
  24 wights
  3 electric eels
  A quasit (D:13)
  2 jellies
  4 hounds
  5 orc priests
  Crazy Yiuf (D:3)
  3 centaur skeletons
  An iguana (D:6)
  Natasha (twice) (D:4)
  10 orc wizards
  9 worker ants
  A nameless horror (D:10)
  A hound skeleton (D:7)
  Robin (D:3)
  13 gnolls
  5 adders
  3 white imps
  An ufetubus (D:6)
  2 oozes
  5 leopard geckos
  55 orcs
  6 bats
  A giant cockroach (D:1)
  7 hobgoblins
  4 jackals
  14 kobolds
  2 quokkas
  A frilled lizard (D:4)
  7 goblins
  A quokka zombie (D:5)
  A rat (D:3)
585 creatures vanquished.

Vanquished Creatures (others)
  2 polar bears (IceCv)
  4 yaks (IceCv)
  2 wolves (IceCv)
  39 fungi
  69 plants
116 creatures vanquished.

Grand Total: 917 creatures vanquished

Notes
Turn   | Place    | Note
-------+----------+-------------------------------------------
     0 | D:1      | robertstho the Gnoll Summoner began the quest for the Orb.
     0 | D:1      | Reached XP level 1. HP: 13/13 MP: 6/6
   411 | D:1      | Reached XP level 2. HP: 18/19 MP: 3/7
   419 | D:1      | Learned a level 2 spell: Call Imp
   831 | D:1      | Reached XP level 3. HP: 4/25 MP: 1/9
   876 | D:1      | Reached skill level 5 in Spellcasting
   881 | D:1      | Learned a level 3 spell: Call Canine Familiar
   885 | D:1      | Learned a level 3 spell: Summon Guardian Golem
  1535 | D:2      | Reached skill level 1 in Invocations
  1691 | D:2      | Reached skill level 1 in Fighting
  1691 | D:2      | Reached skill level 1 in Short Blades
  1691 | D:2      | Reached skill level 1 in Long Blades
  1691 | D:2      | Reached skill level 1 in Axes
  1691 | D:2      | Reached skill level 1 in Maces & Flails
  1691 | D:2      | Reached skill level 1 in Polearms
  1691 | D:2      | Reached skill level 1 in Staves
  1691 | D:2      | Reached skill level 1 in Slings
  1691 | D:2      | Reached skill level 1 in Bows
  1691 | D:2      | Reached skill level 1 in Crossbows
  1691 | D:2      | Reached skill level 1 in Throwing
  1691 | D:2      | Reached skill level 1 in Armour
  1691 | D:2      | Reached skill level 1 in Shields
  1691 | D:2      | Reached skill level 1 in Unarmed Combat
  1691 | D:2      | Reached skill level 1 in Evocations
  1861 | D:2      | Reached XP level 4. HP: 31/32 MP: 11/11
  2059 | D:2      | Learned a level 4 spell: Summon Ice Beast
  2291 | D:3      | Found a runed translucent gate.
  2306 | D:3      | Found a runed translucent gate.
  2306 | D:3      | Found a runed translucent gate.
  2310 | D:3      | Reached skill level 1 in Conjurations
  2310 | D:3      | Reached skill level 1 in Hexes
  2310 | D:3      | Reached skill level 1 in Necromancy
  2310 | D:3      | Reached skill level 1 in Translocations
  2310 | D:3      | Reached skill level 1 in Transmutations
  2310 | D:3      | Reached skill level 1 in Fire Magic
  2310 | D:3      | Reached skill level 1 in Ice Magic
  2310 | D:3      | Reached skill level 1 in Air Magic
  2310 | D:3      | Reached skill level 1 in Earth Magic
  2310 | D:3      | Reached skill level 1 in Poison Magic
  2390 | D:3      | Noticed Midn8's ghost (amateur GnWz)
  2674 | D:3      | Noticed Robin
  2688 | D:3      | Reached XP level 5. HP: 27/37 MP: 3/12
  2692 | D:3      | Killed Robin
  2807 | D:3      | Found a runed translucent door.
  2808 | D:3      | Noticed Crazy Yiuf
  2913 | D:3      | Found a radiant altar of Vehumet.
  3199 | D:3      | Killed Midn8's ghost
  3199 | D:3      | Reached XP level 6. HP: 44/44 MP: 0/13
  3391 | D:3      | Killed Crazy Yiuf
  3391 | D:3      | Reached skill level 5 in Dodging
  3610 | D:4      | Noticed a phantom
  3630 | D:4      | Killed a phantom
  3664 | D:4      | Reached XP level 7. HP: 50/50 MP: 15/15
  3753 | D:4      | Found Ekhoxt's General Store.
  3756 | D:4      | Bought a potion of heal wounds for 50 gold pieces
  3756 | D:4      | Bought a scroll of fear for 35 gold pieces
  3756 | D:4      | Bought a scroll of silence for 75 gold pieces
  3756 | D:4      | Bought a cursed amulet of inaccuracy for 20 gold pieces
  3873 | D:4      | Found a staircase to the Ecumenical Temple.
  3916 | D:4      | Noticed Natasha
  3929 | D:4      | Killed Natasha
  3946 | Temple   | Entered the Ecumenical Temple
  4163 | D:4      | Noticed Natasha
  4171 | D:4      | Killed Natasha
  4444 | D:4      | Reached skill level 5 in Stealth
  4894 | D:4      | Noticed Natasha
  4909 | D:4      | Killed Natasha
  4995 | D:4      | Noticed Menkaure
  5006 | D:4      | Killed Menkaure
  5420 | D:5      | Entered Level 5 of the Dungeon
  5456 | D:5      | Reached XP level 8. HP: 57/57 MP: 13/16
  5678 | D:5      | Found Puvede's Magic Scroll Emporium.
  5682 | D:5      | Bought a scroll of identify for 26 gold pieces
  5682 | D:5      | Bought a scroll of remove curse for 39 gold pieces
  5682 | D:5      | Bought a scroll of identify for 26 gold pieces
  6190 | D:5      | Noticed Sigmund
  6201 | D:5      | Killed Sigmund
  6682 | D:6      | Found Faept's Jewellery Shoppe.
  7276 | D:6      | Found an iron altar of Okawaru.
  7481 | D:6      | Noticed Blork the orc
  7495 | D:6      | Killed Blork the orc
  7495 | D:6      | Reached XP level 9. HP: 41/65 MP: 3/18
  7714 | D:6      | Found Yfranaip's Weapon Boutique.
  8386 | D:7      | Noticed Prince Ribbit
  8540 | D:6      | Learned a level 4 spell: Summon Lightning Spire
  8702 | D:7      | Killed Prince Ribbit
 10499 | D:8      | Found a sacrificial altar of Ru.
 10608 | D:8      | Reached skill level 5 in Invocations
 10889 | D:8      | Found a shimmering blue altar of Sif Muna.
 10904 | D:8      | Found a sacrificial altar of Ru.
 10906 | D:8      | Became a worshipper of Sif Muna the Loreminder
 11207 | D:8      | Reached XP level 10. HP: 73/73 MP: 20/20
 11868 | D:9      | Reached skill level 5 in Fighting
 11868 | D:9      | Reached skill level 5 in Short Blades
 11868 | D:9      | Reached skill level 5 in Long Blades
 11868 | D:9      | Reached skill level 5 in Axes
 11868 | D:9      | Reached skill level 5 in Maces & Flails
 11868 | D:9      | Reached skill level 5 in Polearms
 11868 | D:9      | Reached skill level 5 in Staves
 11868 | D:9      | Reached skill level 5 in Slings
 11868 | D:9      | Reached skill level 5 in Bows
 11868 | D:9      | Reached skill level 5 in Crossbows
 11868 | D:9      | Reached skill level 5 in Throwing
 11868 | D:9      | Reached skill level 5 in Armour
 11868 | D:9      | Reached skill level 5 in Shields
 11868 | D:9      | Reached skill level 5 in Unarmed Combat
 11868 | D:9      | Reached skill level 5 in Evocations
 11888 | D:9      | Reached * piety under Sif Muna
 12127 | D:9      | Found a roughly hewn altar of Beogh.
 12127 | D:9      | Found a staircase to the Orcish Mines.
 12550 | D:10     | Entered Level 10 of the Dungeon
 13004 | D:10     | Reached ** piety under Sif Muna
 13230 | D:10     | Found Highoif's General Store.
 13366 | D:10     | Bought a scroll of identify for 28 gold pieces
 13366 | D:10     | Bought a potion of curing for 42 gold pieces
 14316 | D:11     | Got a distressingly furry robe
 14326 | D:11     | Identified the +3 robe "Cutoun" {-Cast +Inv rN+ Int+2} (You
                  | found it on level 11 of the Dungeon)
 14539 | D:11     | Found a staircase to the Lair.
 14596 | D:11     | Found a portal to a secret trove of treasure.
 14918 | D:11     | Noticed Harold
 14944 | D:11     | Killed Harold
 14944 | D:11     | Reached XP level 11. HP: 77/81 MP: 13/22
 15131 | D:12     | Noticed a brown ugly thing
 15139 | D:12     | Killed a brown ugly thing
 15257 | D:12     | Noticed a manticore
 15276 | D:12     | Killed a manticore
 15430 | D:12     | Reached skill level 5 in Conjurations
 15430 | D:12     | Reached skill level 5 in Hexes
 15430 | D:12     | Reached skill level 5 in Necromancy
 15430 | D:12     | Reached skill level 5 in Translocations
 15430 | D:12     | Reached skill level 5 in Transmutations
 15430 | D:12     | Reached skill level 5 in Fire Magic
 15430 | D:12     | Reached skill level 5 in Ice Magic
 15430 | D:12     | Reached skill level 5 in Air Magic
 15430 | D:12     | Reached skill level 5 in Earth Magic
 15430 | D:12     | Reached skill level 5 in Poison Magic
 15482 | D:12     | Noticed a seven-headed hydra
 15492 | D:12     | Killed a seven-headed hydra
 15593 | D:12     | Noticed Joseph
 15599 | D:12     | Noticed Urug
 15599 | D:12     | Noticed a wizard
 15601 | D:12     | Killed Joseph
 15616 | D:12     | Killed Urug
 15634 | D:12     | Noticed an orc knight
 15638 | D:12     | Killed a wizard
 15650 | D:12     | Killed an orc knight
 15650 | D:12     | Reached *** piety under Sif Muna
 15758 | D:12     | Noticed a +8 demon blade
 15759 | D:12     | Noticed an orc knight
 15775 | D:12     | Killed an orc knight
 15894 | D:12     | Got a sparkling golden ring
 15932 | D:12     | Noticed a two-headed ogre
 15939 | D:12     | Killed a two-headed ogre
 16124 | D:12     | Noticed a six-headed hydra
 16137 | D:12     | Killed a six-headed hydra
 16192 | D:12     | Killed an unseen horror
 16583 | Lair:1   | Entered Level 1 of the Lair of Beasts
 16837 | Lair:1   | HP: 1/83 [black mamba (19)]
 17886 | Lair:1   | Reached **** piety under Sif Muna
 17896 | Lair:1   | Reached XP level 12. HP: 87/89 MP: 22/24
 18258 | D:5      | Bought a scroll of teleportation for 39 gold pieces
 18258 | D:5      | Bought 3 scrolls of vulnerability for 292 gold pieces
 18258 | D:5      | Bought a scroll of identify for 26 gold pieces
 18258 | D:5      | Bought a scroll of fear for 45 gold pieces
 18653 | Lair:2   | Found a staircase to the Swamp.
 19006 | Lair:2   | Found a transporter.
 19269 | Lair:2   | Found a one-way gate to the infinite horrors of the Abyss.
 19269 | Lair:2   | Noticed robertstho's ghost (journeyman GnCj)
 19279 | Lair:2   | Found a transporter.
 19458 | Lair:3   | Found a hole to the Spider Nest.
 19639 | Lair:3   | Noticed a six-headed hydra
 19653 | Lair:3   | Killed a six-headed hydra
 20091 | Lair:3   | Noticed a seven-headed hydra
 20100 | Lair:3   | Killed a seven-headed hydra
 20235 | Lair:3   | Noticed Nergalle
 20285 | Lair:3   | Killed Nergalle
 21256 | Lair:4   | Identified the ring "Ushuy" {rElec rF+ rC+++ MP+9 Dex-5}
                  | (You found it on level 12 of the Dungeon)
 23201 | Lair:5   | Noticed an ice dragon
 23220 | Lair:5   | Killed an ice dragon
 23471 | Lair:5   | Reached ***** piety under Sif Muna
 23576 | Lair:5   | Reached XP level 13. HP: 98/98 MP: 26/26
 23737 | Lair:5   | Identified Sif Muna's Almanac of the Captivating Birds (Sif
                  | Muna gifted it to you on level 5 of the Lair of Beasts)
 23737 | Lair:5   | Received a gift from Sif Muna
 24050 | Lair:6   | Entered Level 6 of the Lair of Beasts
 24079 | Lair:6   | Found a staircase to the Slime Pits.
 24081 | Lair:6   | Found a viscous altar of Jiyva.
 25333 | Lair:6   | Reached skill level 10 in Summonings
 25438 | Lair:6   | Learned a level 2 spell: Swiftness
 25443 | Lair:6   | Learned a level 4 spell: Airstrike
 25509 | Lair:6   | Learned a level 2 spell: Sublimation of Blood
 27051 | Orc:1    | Entered Level 1 of the Orcish Mines
 27160 | Orc:1    | Found Duweucv Xiti's General Store.
 27168 | Orc:1    | Found a roughly hewn altar of Beogh.
 27171 | Orc:1    | Bought a potion of heal wounds for 60 gold pieces
 27215 | Orc:1    | Identified Sif Muna's Collected Works on Transformation and
                  | Slavery (Sif Muna gifted it to you on level 1 of the Orcish
                  | Mines)
 27215 | Orc:1    | Received a gift from Sif Muna
 27537 | Orc:2    | Entered Level 2 of the Orcish Mines
 27702 | Orc:2    | Found Meschamu's Magic Scroll Shoppe.
 27732 | Orc:2    | Found a frozen archway.
 27755 | IceCv    | Entered an ice cave
 27780 | IceCv    | Reached skill level 10 in Spellcasting
 27910 | IceCv    | Got a twisted morningstar
 27910 | IceCv    | Identified the +11 morningstar of Diet Blood {venom, rPois
                  | MR++ Dex+3 Stlth-} (You found it in an ice cave)
 29010 | IceCv    | Noticed a frost giant
 29060 | IceCv    | Reached XP level 14. HP: 106/106 MP: 27/28
 29240 | IceCv    | Killed a frost giant
 29240 | IceCv    | Reached skill level 10 in Dodging
 29425 | IceCv    | Found the cursed necklace of Bloodlust {*Rage +Rage MR++
                  | Int-3 Slay+6 *Curse}
 29628 | Orc:2    | Reached skill level 10 in Stealth
 29632 | Orc:2    | Received a gift from Sif Muna
 29903 | Orc:2    | Reached skill level 10 in Invocations
 30162 | Orc:2    | Found Mybrirot's Magic Scroll Shoppe.
 30162 | Orc:2    | Found Niwnont's Weapon Boutique.
 30163 | Orc:2    | Found Puamunu's Distillery.
 30163 | Orc:2    | Found Gousinek's Antique Weapon Shoppe.
 30255 | Orc:2    | Bought a potion of curing for 48 gold pieces
 30255 | Orc:2    | Bought a potion of curing for 48 gold pieces
 30255 | Orc:2    | Bought a potion of heal wounds for 80 gold pieces
 30255 | Orc:2    | Bought a potion of heal wounds for 80 gold pieces
 30255 | Orc:2    | Bought a potion of curing for 48 gold pieces
 30256 | Orc:2    | Bought a scroll of acquirement for 728 gold pieces
 30256 | Orc:2    | Bought a scroll of identify for 28 gold pieces
 30256 | Orc:2    | Bought 2 scrolls of identify for 56 gold pieces
 30256 | Orc:2    | Bought a scroll of identify for 28 gold pieces
 30256 | Orc:2    | Bought a scroll of identify for 28 gold pieces
 30257 | Orc:2    | Acquired the ring "Tymp" {rPois rN+ Str+7}
 30385 | Orc:2    | Bought a scroll of identify for 28 gold pieces
 30385 | Orc:2    | Bought a scroll of identify for 28 gold pieces
 30629 | Orc:2    | Found a staircase to the Elven Halls.
 31295 | D:13     | Found Feseyf's Magic Scroll Boutique.
 31559 | D:13     | Noticed Frances
 31580 | D:13     | Killed Frances
 31659 | D:13     | Received a gift from Sif Muna
 32467 | D:13     | Found a gate to the Vaults.
 32766 | D:14     | Noticed Azrael
 32973 | D:14     | Found Umygat's Magic Scroll Shoppe.
 33242 | D:14     | Noticed Josephine
 33490 | Swamp:1  | Entered Level 1 of the Swamp
 33502 | Swamp:1  | HP: 5/108 [eight-headed hydra (4)]
 33502 | Swamp:1  | Mangled by an eight-headed hydra

Illustrated notes

Levels and vault maps discovered:
D:1:      co_arrival_random_square_maze, layout_basic, minmay_misc_feat_tower,
          minmay_box_of_dots
D:2:      layout_basic, minmay_door_square
D:3:      layout_loops_cross, marbit_many_paths, gammafunk_ghost_split,
          serial_glass, glass_columns_c, glass_columns_b, uniq_robin,
          uniq_crazy_yiuf_cottage
D:4:      layout_layer_cave, minmay_temple_entry_wispy, serial_shops,
          kennysheep_mini_moat, due_unseen_surprise, uniq_natasha, uniq_menkaure
D:5:      layout_loops_ring, serial_shops, nicolae_shop_stone, uniq_sigmund
D:6:      layout_loops_corners, nicolae_overflow_crystal_walls, serial_shops,
          shop, nicolae_shop_crystal, serial_park_tiny_pond, uniq_blork_the_orc
D:7:      layout_layer_cave, uniq_prince_ribbit1
D:8:      layout_rooms, grunt_temple_overflow_open, basic_altar, moated_statue,
          minivault_25
D:9:      layout_irregular_city, david_orc_5
D:10:     layout_roguey, serial_shops, nicolae_shop_behind_doors,
          hangedman_abyss_or_decor_passed
D:11:     layout_loops_corners, lair_entry_dummy,
          nicolae_trove_entry_path_of_doom, uniq_harold
D:12:     layout_irregular_city, sword_in_stone
D:13:     layout_loops_ring, grunt_vaults_entry_fortified, serial_shops,
          nicolae_shop_statue_plus, hangedman_decor_growths,
          grunt_decor_clamped, minivault_19, uniq_frances
D:14:     layout_rooms, minmay_misc_feat_x, serial_shops, shop, uniq_azrael,
          uniq_josephine
Temple:   regret_index_temple_mists
Lair:1:   layout_cellular_growth, special_room [special_room_bee],
          grunt_megastairs_5
Lair:2:   layout_roguey, skrybe_swamp_entry_bodies,
          gammafunk_ghost_abyssal_escape, serial_bayou_pond_a
Lair:3:   layout_regular_city, spider_nest_entry_rubble, uniq_nergalle
Lair:4:   layout_roguey, lemuel_fruit_tree
Lair:5:   dragon1_lemuel, layout_cave_pods, kennysheep_basilisk_garden
Lair:6:   hangedman_lair_tendril_chambers, layout_long_grid, slime_altar_1,
          minivault_25, uniq_urug
Swamp:1:  layout_falls_marsh, infiniplex_staircase_pool, swamp_pool1,
          grunt_ruined_hall
Orc:1:    layout_caves, serial_shops, nicolae_shop_waterfront, basic_altar
Orc:2:    st_orc_ogre_mass, layout_caves, serial_shops, shop,
          portal_ice_cave_entry_pillars_2, mines2_lemuel

Skill      XL: |  1  2  3  4  5  6  7  8  9 10 11 12 13 14 |
---------------+-------------------------------------------+-----
Spellcasting   | 5 6 7 8 9 10 | 10.7
Invocations    | 1 2 3 4 5 6 7 8 9 10 | 10.3
Fighting       | 1 2 3 4 5 6 7 8 9 |  9.5
Short Blades   | 1 2 3 4 5 6 7 8 9 |  9.5
Long Blades    | 1 2 3 4 5 6 7 8 9 |  9.5
Axes           | 1 2 3 4 5 6 7 8 9 |  9.5
Maces & Flails | 1 2 3 4 5 6 7 8 9 |  9.5
Polearms       | 1 2 3 4 5 6 7 8 9 |  9.5
Staves         | 1 2 3 4 5 6 7 8 9 |  9.5
Slings         | 1 2 3 4 5 6 7 8 9 |  9.5
Bows           | 1 2 3 4 5 6 7 8 9 |  9.5
Crossbows      | 1 2 3 4 5 6 7 8 9 |  9.5
Throwing       | 1 2 3 4 5 6 7 8 9 |  9.5
Armour         | 1 2 3 4 5 6 7 8 9 |  9.5
Shields        | 1 2 3 4 5 6 7 8 9 |  9.5
Unarmed Combat | 1 2 3 4 5 6 7 8 9 |  9.5
Evocations     | 1 2 3 4 5 6 7 8 9 |  9.5
Conjurations   | 1 2 3 4 5 6 7 8 |  8.0
Hexes          | 1 2 3 4 5 6 7 8 |  8.0
Necromancy     | 1 2 3 4 5 6 7 8 |  8.0
Translocations | 1 2 3 4 5 6 7 8 |  8.0
Transmutations | 1 2 3 4 5 6 7 8 |  8.0
Fire Magic     | 1 2 3 4 5 6 7 8 |  8.0
Ice Magic      | 1 2 3 4 5 6 7 8 |  8.0
Air Magic      | 1 2 3 4 5 6 7 8 |  8.0
Earth Magic    | 1 2 3 4 5 6 7 8 |  8.0
Poison Magic   | 1 2 3 4 5 6 7 8 |  8.0
Dodging        | 5 6 7 8 9 10 | 10.5
Stealth        | 5 6 7 8 9 10 | 10.4
Summonings     | 8 9 10 | 10.6

Action                   |  1- 3 |  4- 6 |  7- 9 | 10-12 | 13-15 || total
-------------------------+-------+-------+-------+-------+-------++-------
Melee: Unarmed           |    16 |       |       |       |       ||    16
       Bite              |     6 |    14 |    13 |    24 |    16 ||    73
       Dagger            |    54 |    96 |     2 |       |       ||   152
       Punch             |       |     1 |       |       |     5 ||     6
       War axe           |       |       |    32 |       |       ||    32
       Staff             |       |       |     5 |       |       ||     5
       Halberd           |       |       |   131 |   365 |    33 ||   529
       Morningstar       |       |       |       |       |    98 ||    98
       Demon blade       |       |       |       |       |    14 ||    14
 Cast: Summon Small Mamm |    24 |     3 |     2 |       |       ||    29
       Call Imp          |     5 |    14 |    30 |    12 |     9 ||    70
       Call Canine Famil |     1 |    10 |    33 |    52 |    66 ||   162
       Summon Ice Beast  |       |     1 |    28 |   119 |   237 ||   385
       Summon Lightning  |       |       |    12 |    81 |   106 ||   199
       Summon Guardian G |       |       |       |     2 |    13 ||    15
       Airstrike         |       |       |       |       |    33 ||    33
       Swiftness         |       |       |       |       |     1 ||     1
Invok: Channel Magic     |       |       |       |     3 |     7 ||    10
Evoke: Wand              |       |       |       |       |     1 ||     1
  Use: Scroll            |       |       |    14 |    11 |     5 ||    30
       Potion            |       |       |       |     7 |     3 ||    10
 Stab: Sleeping          |     9 |     3 |     6 |    24 |       ||    42
       Distracted        |       |     1 |     2 |     8 |     2 ||    13
Armor: Robe              |    29 |    19 |    59 |   137 |    91 ||   335
Dodge: Dodged            |    72 |    79 |   177 |   389 |   323 ||  1040
       Rpst.: Demon blade |       |       |       |       |     4 ||     4

Table legend: (Time is in decaauts)
 A = Elapsed time spent in this place.
 B = Non-inter-level travel time spent in this place.
 C = Inter-level travel time spent in this place.
 D = Time resting spent in this place.
 E = Time spent auto-exploring this place.
 F = Levels seen in this place.
 G = Mean time per level.
                   A        B        C        D        E       F      G
               +--------+--------+--------+--------+--------+-----+--------+
         Total |  33711 |  31812 |   1899 |   3245 |  22238 |  25 | 1348.4 |
       Dungeon |  19139 |  17636 |   1503 |   1117 |  12949 |  14 | 1367.1 |
        Temple |    215 |    189 |     26 |      0 |    188 |   1 |  215.0 |
          Lair |  10207 |   9914 |    293 |   1397 |   6824 |   6 | 1701.2 |
         Swamp |     11 |     11 |      0 |      0 |      0 |   1 |   11.0 |
  Orcish Mines |   2434 |   2357 |     77 |    221 |   1568 |   2 | 1217.0 |
      Ice Cave |   1702 |   1702 |      0 |    510 |    708 |   1 | 1702.0 |
               +--------+--------+--------+--------+--------+-----+--------+

Top non-repeatable levels by time:
  Lair:6: 2812 daAuts
    D:13: 2073 daAuts
     D:6: 2050 daAuts
     D:7: 1918 daAuts
     D:4: 1770 daAuts
  Lair:3: 1754 daAuts
   IceCv: 1702 daAuts
  Lair:4: 1639 daAuts
    D:10: 1616 daAuts
   Orc:2: 1611 daAuts
  Lair:1: 1555 daAuts
    D:12: 1450 daAuts
     D:1: 1405 daAuts
     D:3: 1367 daAuts
     D:5: 1359 daAuts
